Map: [ESL] Ancient Cistern

Players

SKillous - Winner!

  • Race: Protoss Protoss
  • League: Grandmaster
  • Spawn Location: 1:00

Fjant

  • Race: Zerg Zerg
  • League: Grandmaster
  • Spawn Location: 7:00

Event: HomeStory Cup XXIII

VOD

Have the link to the VOD?

Description

Time

  • Played on: June 30, 2023, 1:28 p.m.
  • Length: 9:33

All games in this series

Show
View Real Time Build Order
Export as new Build Order

SKillous Protoss - Winner!

Build Orders: 1 Gate Expand, Oracle Opening 

Get SALT Encoding   

  12  0:00  Probe  
  13  0:13  Pylon  
  13  0:17  Probe (Chrono Boost)  
  14  0:27  Probe (Chrono Boost)  
  15  0:32  Probe (Chrono Boost)  
  16  0:41  Gateway  
  16  0:43  Probe  
  16  0:47  Assimilator  
  17  0:56  Probe  
  18  1:08  Probe  
  19  1:20  Probe  
  20  1:25  Nexus  
  20  1:36  Cybernetics Core  
  20  1:38  Probe  
  21  1:45  Assimilator  
  21  1:50  Probe  
  21  1:53  Pylon  
  22  2:02  Probe  
  23  2:09  Adept (Chrono Boost)  
  23  2:15  Probe  
  26  2:19  Stargate  
  26  2:27  Probe (Chrono Boost)  
  26  2:29  Warp Gate  
  27  2:31  Adept (Chrono Boost)  
  29  2:37  Probe (Chrono Boost)  
  31  2:45  Probe (Chrono Boost)  
  31  2:47  Probe (Chrono Boost)  
  33  2:51  Probe (Chrono Boost)  
  33  2:52  Probe (Chrono Boost)  
  33  2:54  Adept  
  36  3:03  Probe  
  36  3:04  Probe, Oracle (Chrono Boost)  
  38  3:09  Pylon  
  41  3:15  Probe  
  41  3:16  Probe  
  43  3:20  Gateway  
  43  3:27  Probe  
  43  3:28  Probe  
  43  3:33  Oracle (Chrono Boost)  
  46  3:42  Probe x2  
  48  3:54  Twilight Council  
  48  3:55  Nexus  
  48  3:58  Pylon  
  48  3:59  Probe  
  49  4:05  Probe  
  50  4:12  Probe  
  50  4:13  Gateway x2  
  50  4:17  Assimilator  
  51  4:20  Probe, Assimilator  
  52  4:25  Probe  
  52  4:28  Stalker  
  52  4:29  Stalker  
  57  4:32  Probe  
  57  4:33  Blink (Chrono Boost)  
  57  4:35  Pylon  
  58  4:49  Probe x2  
  58  4:52  Forge  
  60  4:56  Stalker x2  
  64  5:01  Probe  
  64  5:03  Probe  
  66  5:07  Probe  
  66  5:10  Stalker x2  
  66  5:13  Probe  
  72  5:14  Shield Battery  
  72  5:17  Probe  
  72  5:21  Stalker  
  75  5:22  Stalker  
  75  5:24  Probe  
  75  5:26  Protoss Ground Weapons Level 1 (Chrono Boost)  
  75  5:27  Pylon  
  78  5:38  Probe x2  
  78  5:40  Pylon  
  78  5:44  Stalker  
  78  5:45  Stalker  
  78  5:46  Stalker  
  78  5:49  Stalker  
  85  5:50  Probe  
  85  5:52  Probe  
  85  5:54  Probe  
  88  6:02  Pylon  
  88  6:03  Probe  
  89  6:04  Probe  
  89  6:07  Shield Battery  
  89  6:09  Photon Cannon  
  90  6:12  Photon Cannon  
  90  6:13  Shield Battery  
  90  6:15  Stalker  
  92  6:21  Stalker x2  
  92  6:24  Pylon  
  90  6:40  Stalker x2  
  90  6:45  Gateway  
  94  6:47  Gateway  
  94  6:49  Photon Cannon  
  86  6:58  Stalker  
  86  6:59  Stalker  
  86  7:00  Charge (Chrono Boost)  
  86  7:04  Gateway x2  
  86  7:05  Probe x3  
  89  7:10  Photon Cannon  
  89  7:16  Protoss Ground Weapons Level 2 (Chrono Boost), Stalker  
  89  7:17  Probe x3, Stalker  
  89  7:21  Shield Battery  
  94  7:24  Stalker x2  
  94  7:29  Probe  
  99  7:44  Stalker  
  101  7:46  Pylon  
  101  7:48  Nexus  
  101  7:51  Pylon  
  101  8:03  Stalker x2  
  101  8:04  Stalker x2  
  109  8:08  Pylon  
  109  8:11  Pylon  
  109  8:16  Stalker x4  
  117  8:20  Pylon  
  117  8:21  Pylon  
  117  8:28  Stalker x4  
  117  8:30  Pylon  
  123  8:45  Stalker x4  
  131  8:49  Pylon  
  131  9:01  Zealot x4  
  135  9:06  Probe  
  136  9:12  Zealot x2  
  136  9:13  Zealot x2  
  136  9:14  Shield Battery  
  136  9:16  Shield Battery  
  140  9:19  Photon Cannon  
  140  9:20  Photon Cannon  
  140  9:21  Probe x2  
Show
View Real Time Build Order
Export as new Build Order

Fjant Zerg 

Build Orders: Hatch First 

Get SALT Encoding   

  12  0:00  Drone  
  13  0:13  Overlord  
  13  0:18  Drone  
  14  0:31  Drone  
  14  0:32  Drone  
  16  0:46  Drone  
  17  0:53  Hatchery  
  16  0:59  Drone  
  16  1:02  Drone  
  18  1:12  Extractor  
  18  1:16  Spawning Pool  
  18  1:17  Drone  
  17  1:18  Drone  
  18  1:29  Drone  
  19  1:39  Drone  
  20  1:51  Overlord  
  20  2:06  Queen, Zergling x2  
  20  2:07  Queen  
  25  2:10  Zergling x2  
  25  2:13  Metabolic Boost  
  26  2:16  Drone x2  
  28  2:23  Drone  
  28  2:27  Drone  
  30  2:35  Drone  
  31  2:38  Hatchery  
  31  2:42  Drone  
  31  2:45  Zergling x2  
  32  3:03  Drone  
  32  3:04  Drone x2  
  32  3:05  Zergling x2  
  36  3:10  Extractor, Overlord  
  36  3:11  Extractor, Queen  
  37  3:29  Drone  
  36  3:37  Zergling x2  
  36  3:38  Drone x5  
  36  3:40  Queen  
  43  3:42  Spore Crawler  
  43  3:44  Drone  
  43  3:51  Drone  
  43  3:52  Drone x4  
  45  4:04  Drone x5  
  45  4:08  Spore Crawler  
  45  4:09  Zergling x2  
  48  4:15  Overlord  
  49  4:20  Lair  
  49  4:25  Spore Crawler  
  49  4:29  Overlord  
  48  4:32  Queen  
  50  4:39  Overlord  
  50  4:42  Overlord  
  46  4:46  Overlord  
  46  4:47  Drone x3  
  46  4:48  Drone x3  
  46  4:51  Drone  
  51  4:55  Zergling x2  
  51  4:56  Drone, Zergling x2  
  51  4:57  Drone  
  55  5:00  Drone  
  55  5:03  Queen  
  58  5:11  Zergling x6  
  61  5:19  Nydus Network  
  61  5:21  Zergling x6  
  61  5:23  Drone x5  
  61  5:26  Zergling x2  
  69  5:29  Zergling x2  
  68  5:39  Zergling x6  
  70  5:43  Queen x2, Zergling x2  
  70  5:46  Zergling x2  
  74  5:54  Zergling x16  
  82  6:00  Nydus Canal  
  82  6:06  Overlord  
  82  6:07  Queen  
  82  6:12  Overlord  
  80  6:23  Queen  
  80  6:24  Zergling x16  
  90  6:32  Zergling x10  
  92  6:35  Zergling x4  
  87  6:45  Zergling x10  
  88  6:50  Zergling x2  
  88  6:53  Zergling x2  
  78  7:00  Queen  
  77  7:02  Zergling x4  
  78  7:11  Zergling x6  
  78  7:12  Queen x2  
  81  7:18  Zergling x10  
  80  7:28  Zergling x6  
  80  7:29  Hatchery  
  82  7:31  Spore Crawler  
  81  7:41  Drone, Hydralisk Den, Overlord  
  81  7:42  Overlord  
  81  7:43  Queen, Evolution Chamber  
  81  7:49  Overlord  
  81  7:52  Drone, Overlord  
  81  7:57  Drone x2  
  82  8:02  Zergling x10  
  85  8:13  Zergling x12  
  85  8:16  Muscular Augments  
  85  8:19  Extractor  
  89  8:23  Drone  
  89  8:24  Drone x4  
  93  8:32  Zergling x8  
  91  8:44  Hydralisk x2  
  91  8:45  Drone  
  91  8:46  Drone x5  
  96  8:48  Drone x3  
  96  8:49  Queen x3  
  99  8:57  Hydralisk  
  99  9:01  Zergling x12  
  100  9:05  Hydralisk  
  100  9:07  Zergling x4  
  104  9:10  Zergling x2  
  104  9:13  Zergling x8  
Tags
 
Add a new tag
Caveats
  • Supply blocks, unpowered buildings, or Contaminate may cause inaccurate times.
  • Supply counts are checked every 10 seconds.